 Dungeon Crawl Stone Soup version 0.30.0-29-ga12c61a403 (webtiles) character file.

Game seed: 8672135325536855109

1857 cheesebisquit the Scholar of Death (level 9, -7/79 HPs)
             Began as a Ghoul Necromancer on June 7, 2023.
             Was a Follower of Kikubaaqudgha.
             Mangled by a killer bee (8 damage)
             ... on level 7 of the Dungeon.
             The game lasted 00:37:49 (9938 turns).

cheesebisquit the Scholar of Death (GhNe)           Turns: 9938, Time: 00:37:50

Health: -7/79      AC:  7    Str: 12    XL:     9   Next: 13%
Magic:  14/14      EV: 12    Int: 16    God:    Kikubaaqudgha [*.....]
Gold:   58         SH:  0    Dex:  9    Spells: 1/16 levels left

rFire   . . .        t - +0 hand axe
rCold   + . .        (no shield)
rNeg    + + +        a - +0 robe
rPois   ∞            q - +2 helmet
rElec   .            b - +1 cloak
rCorr   .            (no gloves)
SInv    .            (no boots)
Will    .....        v - amulet "Qeurikog" {Faith rN+ Int+2 Stlth+}
Stlth   +++          (no ring)
HPRegen 0.00/turn    (no ring)
MPRegen 0.14/turn

%: faith
@: about to teleport, inhibited regen
A: claws 1, cold resistance 1, negative energy resistance 3, inhibited
regeneration, torment resistance 2, devour on kill
a: Renounce Religion, Unearth Wretches


You were on level 7 of the Dungeon.
You worshipped Kikubaaqudgha.
Kikubaaqudgha was aware of your devotion.
You visited 2 branches of the dungeon, and saw 9 of its levels.
You also visited: Ossuary.

You collected 234 gold pieces.
You spent 176 gold pieces at shops.

Inventory:

Hand Weapons
 t - a +0 hand axe (weapon)
 u - a +1 dagger of venom
Missiles
 f - 3 curare-tipped darts
 g - a throwing net
 m - 8 poisoned darts
Armour
 a - a +0 robe (worn)
 b - a +1 cloak (worn)
 p - a +0 scale mail
 q - a +2 helmet (worn)
Jewellery
 v - the amulet "Qeurikog" (around neck) {Faith rN+ Int+2 Stlth+}
   (You bought it in a shop on level 1 of the Dungeon)

   [amulet of faith]

   It allows you to gain divine favour quickly.
   Int:       It affects your intelligence (+2).
   rN:        It protects you from negative energy.
   Stlth:     It makes you more stealthy.
Wands
 e - a wand of flame (8)
 y - a wand of paralysis (9)
Scrolls
 c - a scroll of torment {unknown}
 i - a scroll of fear {unknown}
 j - 3 scrolls of teleportation
 k - 2 scrolls of fog
 l - 3 scrolls of magic mapping
 s - a scroll of amnesia {unknown}
 w - a scroll of butterflies
Potions
 d - 2 potions of flight
 h - a potion of brilliance {unknown}
 n - 2 potions of lignification
 o - 5 potions of curing
 r - a potion of berserk rage {unknown}
 z - a potion of might {unknown}


   Skills:
 + Level 7.2 Fighting
 + Level 3.7 Axes
 - Level 2.0 Dodging
 - Level 3.0 Stealth
 - Level 4.0 Spellcasting
 + Level 7.9 Necromancy


You had one spell level left.
You knew the following spells:

 Your Spells              Type           Power      Damage    Failure   Level
a - Necrotise             Necr           100%       1d9       1%          1
b - Vampiric Draining     Necr           28%        2d8       1%          3
c - Animate Dead          Necr           28%        N/A       6%          4
d - Agony                 Necr           28%        N/A       19%         5
e - Cigotuvi's Dreadful   Necr/Pois/Air  22%        N/A       9%          2

Your spell library contained the following spells:

 Spells                   Type           Power      Damage    Failure   Level
 Apportation              Tloc           6%         N/A       17%         1
 Magic Dart               Conj           12%        1d3       17%         1
 Call Imp                 Summ           6%         N/A       26%         2
 Inner Flame              Hex/Fire       3%         N/A       45%         3
 Mephitic Cloud           Conj/Pois/Air  3%         N/A       45%         3
 Ozocubu's Armour         Ice            3%         N/A       45%         3
 Animate Armour           Summ/Erth      6%         N/A       86%         4
 Alistair's Intoxication  Tmut/Pois      2%         N/A       99%         5
 Yara's Violent Unravell  Hex/Tmut       1%         3d3       99%         5
 Iron Shot                Conj/Erth      1%         9d1       100%        6
 Enfeeble                 Hex            1%         N/A       100%        7
 Ozocubu's Refrigeration  Ice            1%         4d7       100%        7
 Blade Hands              Tmut           Unusable   N/A       N/A         5

Dungeon Overview and Level Annotations

Branches:
Dungeon (8/15)             Temple (1/1) D:5         Ossuary (visited)
   Lair: D:8-11

Altars:
Ashenzari
Cheibriados
Dithmenos
Fedhas
Gozag
Hepliaklqana
Kikubaaqudgha
Makhleb
Nemelex Xobeh
Okawaru
Qazlal
Ru
Sif Muna
Trog
Uskayaw
Vehumet
Wu Jian
Xom
Yredelemnul

Shops:
D:1 **[

Annotations:
D:2 1 runed translucent door, Crazy Yiuf
D:6 exclusion: wyvern
D:7 exclusion: 2 wights


Innate Abilities, Weirdness & Mutations

You are immune to poison.
You have sharp fingernails.
Your flesh is cold resistant. (rC+)
You are immune to negative energy. (rN+++)
You do not regenerate when monsters are visible.
You are immune to unholy pain and torment.
You thrive by killing the living.


Message History

The killer bee stings you but does no damage.
The killer bee closely misses you. x2
You miss the killer bee.
The killer bee is heavily wounded.
You miss the killer bee. x2; The killer bee stings you.
The killer bee closely misses you. The killer bee stings you.
The killer bee stings you but does no damage.
The killer bee completely misses you. The killer bee barely misses you.
The killer bee completely misses you. The killer bee barely misses you. x2
You hit the killer bee.
The killer bee is heavily wounded.
You hit the killer bee but do no damage.
You hit the killer bee. The killer bee barely misses you.
The killer bee stings you. The killer bee closely misses you.
The killer bee barely misses you.
The killer bee stings you but does no damage.
The killer bee stings you.
You feel better.
The killer bee stings you but does no damage.
The killer bee stings you! The killer bee barely misses you.
The killer bee stings you. x2
* * * LOW HITPOINT WARNING * * *
The killer bee stings you but does no damage.
You feel better. The killer bee stings you! The killer bee stings you.
* * * LOW HITPOINT WARNING * * *
The killer bee barely misses you. The killer bee stings you.
* * * LOW HITPOINT WARNING * * *
The killer bee stings you!
* * * LOW HITPOINT WARNING * * *
The killer bee misses you.
As you read the scroll of teleportation, it crumbles to dust.
You feel strangely unstable. The killer bee stings you.
* * * LOW HITPOINT WARNING * * *
The killer bee stings you.
* * * LOW HITPOINT WARNING * * *
The killer bee stings you.
* * * LOW HITPOINT WARNING * * *
The killer bee stings you!
You die...
Kikubaaqudgha rasps: "You have failed me!
Welcome... oblivion!"

.#######..># #....#.......#####
.# ##.### #......#.###...... ##
#..# #....###.# ####### #..#
#.#.#...## #..#######.#.##### #
#.............## #
#...######.#.#.## # #...#
##.##.##.##########
#######..<####..@y.......#.....#
.........))....yy(.##.##.#.....#
#Z...................##........#
.......[....###'###+###'###....#
#######...###..#.......#..#.<..#
##.#.###..#.......#..#.####
#.###..'..'###'###Z..'.#
##)#.###..#.+...'.#..#######
#)...##..#.#...#.#..#..#...


You could see 3 killer bees.

Vanquished Creatures
  A troll (D:8)
  An orc warrior (D:6)
  A sky beast (D:5)
  2 ice beasts (D:5)
  A black bear (D:6)
  3 ogres
  2 centaurs
  A bullfrog (D:7)
  A gnoll sergeant (D:7)
  2 scorpions (D:7)
  A wight (D:7)
  2 hounds
  A jelly (D:6)
  2 orc priests (D:6)
  2 sleepcaps
  An iguana (D:5)
  2 orc wizards (D:6)
  5 gnolls (D:7)
  6 adders
  A white imp (D:7)
  A worm zombie (D:4)
  4 worms
  16 orcs
  6 ball pythons
  9 bats
  11 endoplasms
  4 giant cockroaches
  8 goblins
  7 hobgoblins
  2 jackals (D:1)
  6 quokkas
  7 frilled lizards
  10 kobolds
129 creatures vanquished.

Vanquished Creatures (collateral kills)
  A sky beast (D:8)
  A killer bee (D:8)
  A sleepcap (D:8)
  An adder (D:5)
  A dart slug (D:2)
  An orc (D:7)
  A ball python (D:2)
  An endoplasm (D:1)
  2 goblins
  A hobgoblin (D:2)
11 creatures vanquished.

Vanquished Creatures (others)
  A centaur (D:7)
  A troll zombie (D:8)
  A sky beast zombie (D:8)
  A rat (D:7)
4 creatures vanquished.

Grand Total: 144 creatures vanquished

Notes
Turn   | Place    | Note
-------+----------+-------------------------------------------
     0 | D:1      | cheesebisquit the Ghoul Necromancer began the quest for the
                  | Orb.
     0 | D:1      | Reached XP level 1. HP: 14/14 MP: 2/2
   124 | D:1      | Reached XP level 2. HP: 19/22 MP: 0/3
   394 | D:1      | Reached skill level 1 in Fighting
   605 | D:1      | Reached XP level 3. HP: 26/28 MP: 1/5
   741 | D:1      | Found Deno's Antique Armour Boutique.
   894 | D:1      | Found Gesy's Assorted Antiques.
  1113 | D:1      | Found Ixke's Assorted Antiques.
  1321 | D:2      | HP: 1/28 [worm (7)]
  1650 | D:2      | Reached XP level 4. HP: 36/36 MP: 4/6
  2086 | D:2      | Found a runed translucent door.
  2087 | D:2      | Noticed Crazy Yiuf
  3305 | D:4      | Reached XP level 5. HP: 44/44 MP: 4/7
  3368 | D:4      | Found a sand-covered staircase.
  3444 | Ossuary  | Entered an ossuary
  3700 | D:4      | Learned a level 3 spell: Vampiric Draining
  3705 | D:4      | Learned a level 4 spell: Animate Dead
  3803 | D:5      | Entered Level 5 of the Dungeon
  3823 | D:5      | HP: 2/44 [sleepcap (7)]
  3825 | D:5      | Reached skill level 5 in Necromancy
  4026 | D:5      | Noticed an ice beast
  4064 | D:5      | Noticed a sky beast
  4187 | D:5      | Found a staircase to the Ecumenical Temple.
  4196 | Temple   | Entered the Ecumenical Temple
  4784 | Temple   | Became a worshipper of Kikubaaqudgha
  5043 | D:4      | Reached XP level 6. HP: 33/51 MP: 4/8
  5953 | D:5      | Killed an ice beast
  5954 | D:5      | Reached XP level 7. HP: 60/60 MP: 0/10
  6264 | D:1      | Bought a scroll of identify for 44 gold pieces
  6264 | D:1      | Bought an ancient bone amulet for 110 gold pieces
  6264 | D:1      | Identified the amulet "Qeurikog" {Faith rN+ Int+2 Stlth+}
                  | (You bought it in a shop on level 1 of the Dungeon)
  6264 | D:1      | Bought a scroll labelled KEACAI MOESUA for 22 gold pieces
  6600 | D:3      | Found a faded altar of an unknown god.
  6672 | D:5      | Reached skill level 5 in Fighting
  7408 | D:6      | Reached skill level 1 in Axes
  7408 | D:6      | Reached XP level 8. HP: 50/70 MP: 0/12
  7580 | D:6      | Learned a level 5 spell: Agony
  7626 | D:5      | Reached * piety under Kikubaaqudgha
  7626 | D:5      | Received a gift from Kikubaaqudgha
  8257 | D:6      | Noticed a wyvern
  8744 | D:7      | Found a burning altar of Makhleb.
  9536 | D:7      | Reached XP level 9. HP: 79/79 MP: 8/14
  9539 | D:7      | Learned a level 2 spell: Cigotuvi's Dreadful Rot
  9915 | D:8      | Noticed a troll
  9938 | D:7      | HP: 3/79 [killer bee (3)]
  9938 | D:7      | HP: 1/79 [killer bee (2)]
  9938 | D:7      | Mangled by a killer bee

Illustrated notes

Levels and vault maps discovered:
D:1:      nzn_arrival_crosshair, layout_basic, serial_shops, shop, shop, shop
D:2:      layout_rooms, minmay_misc_feat_enclosed, uniq_crazy_yiuf_cottage
D:3:      layout_basic, shapermc_ecumenical_altar_mp_vishouse,
          corexii_corridor_pit
D:4:      layout_cave_pools, enter_ossuary_3, chequers_arboretum, minivault_11,
          bh_walls_and_bars
D:5:      layout_rooms, lemuel_temple_firewalk_a
D:6:      layout_basic
D:7:      layout_loops_cross, mainiacjoe_overflow_24_doors
D:8:      layout_cave_pods, hangedman_decor_clover_reticule, uniq_grum,
          uniq_pikel
Temple:   mainiacjoe_temple_starburst

Skill      XL: |  1  2  3  4  5  6  7  8 |
---------------+-------------------------+-----
Dodging        | 2 |  2.0
Spellcasting   | 2 3 4 |  4.0
Fighting       | 1 2 3 4 5 7 |  7.2
Stealth        | 3 |  3.0
Necromancy     | 5 6 7 |  7.9
Axes           | 1 3 |  3.7

Action                     |  1- 3 |  4- 6 |  7- 9 || total
---------------------------+-------+-------+-------++-------
  Melee: Unarmed           |     7 |       |       ||     7
         Whip              |    44 |       |       ||    44
         Flail             |       |    32 |       ||    32
         Hand axe          |       |     7 |    44 ||    51
   Cast: Necrotise         |    87 |   141 |   169 ||   397
         Animate Dead      |       |       |     2 ||     2
 Invoke: Unearth Wretches  |       |       |     2 ||     2
    Use: Potion            |     1 |     2 |     3 ||     6
         Scroll            |     4 |     2 |     9 ||    15
   Stab: Paralysed         |       |       |     2 ||     2
 Armour: Robe              |    10 |    25 |    41 ||    76
  Dodge: Dodged            |    43 |    63 |   113 ||   219
